 Dungeon Crawl Stone Soup version 0.30-a0-719-gcc4359ea44 (webtiles) character file.

Game seed: 3988382687720798979

869 kae the Changer (level 7, -1/48 HPs)
             Began as a Demonspawn Transmuter on Jan 26, 2023.
             Killed by divine providence
             ... invoked by an orc priest
              (12 damage)
             ... on level 5 of the Dungeon.
             The game lasted 00:05:53 (5324 turns).

kae the Changer (Demonspawn Transmuter)             Turns: 5324, Time: 00:05:54

Health: -1/48      AC:  6    Str: 10    XL:     7   Next: 73%
Magic:  5/13       EV: 12    Int: 16    God:
Gold:   236        SH:  0    Dex: 14    Spells: 4/14 levels left

rFire   . . .      SeeInvis .      - Unarmed
rCold   . . .      Faith    .    (no shield)
rNeg    . . .      Spirit   .    a - +0 robe
rPois   .          Reflect  .    (no helmet)
rElec   .          Harm     .    r - +0 cloak
rCorr   +          Rampage  .    i - +0 pair of gloves
Will    .....                    (no boots)
Stlth   +                        m - amulet of Monotheism {Acrobat rCorr}
HPRegen 0.28/turn                (no ring)
MPRegen 0.13/turn                (no ring)

@: wereblooded, very slightly contaminated
A: demonic guardian 2, sharp scales 2
a: no special abilities


You were on level 5 of the Dungeon.
You visited 1 branch of the dungeon, and saw 5 of its levels.
You also visited: Sewer.

You collected 236 gold pieces.


Innate Abilities, Weirdness & Mutations

A demonic guardian rushes to your aid.
You are mostly covered in razor-sharp scales. (AC +2, Slay +2)


   Skills:
 - Level 1.0 Fighting
 - Level 1.7 Dodging
 + Level 4.3 Unarmed Combat
 + Level 4.0 Spellcasting
 * Level 5.2 Transmutations
 * Level 2.9 Ice Magic
 - Level 2.0 Poison Magic


You had 4 spell levels left.
You knew the following spells:

 Your Spells              Type           Power      Damage    Failure   Level
a - Beastly Appendage     Tmut           40%        N/A       1%          1
b - Wereblood             Tmut           20%        N/A       3%          2
c - Spider Form           Tmut/Pois      14%        N/A       12%         3
d - Ice Form              Ice/Tmut       16%        N/A       30%         4

Your spell library contained the following spells:

 Spells                   Type           Power      Damage    Failure   Level
 Passwall                 Tmut/Erth      9%         N/A       9%          2
 Apportation              Tloc           6%         N/A       17%         1
 Necrotise                Necr           12%        1d4       17%         1
 Sandblast                Erth           6%         2d5       17%         1
 Summon Small Mammal      Summ           12%        N/A       17%         1
 Stone Arrow              Conj/Erth      6%         3d7       45%         3

Inventory:

Missiles
 c - 5 boomerangs
 g - 34 stones
 p - 11 poisoned darts
 q - a throwing net {=f!f}
Armour
 a - a +0 robe (worn)
 i - a +0 pair of gloves (worn)
   (You found it on level 2 of the Dungeon)
 r - a +0 cloak (worn)
   (You found it on level 4 of the Dungeon)
Jewellery
 m - the amulet of Monotheism (around neck) {Acrobat rCorr}
   (You found it in a sewer)

   [amulet of the acrobat]

   It increases your evasion while moving and waiting.
   rCorr:     It protects you from acid and corrosion.
 F - a ring of protection from fire
   (You found it on level 3 of the Dungeon)
 I - a +6 ring of intelligence
   (You found it on level 4 of the Dungeon)
 P - a ring of poison resistance
   (You found it on level 5 of the Dungeon)
 T - an amulet of faith {!P}
   (You found it on level 2 of the Dungeon)
Scrolls
 f - 3 scrolls of teleportation {@r4}
 o - 2 scrolls of blinking {!r}
 t - a scroll of vulnerability {!r!r}
 u - a scroll of fog {unknown}
 v - a scroll of identify {@r1}
Potions
 b - a potion of lignification {!q}
 d - 2 potions of might {unknown}
 e - 3 potions of heal wounds {@q2}
 h - 2 potions of invisibility
 j - a potion of cancellation {unknown}
 k - 3 potions of mutation {unknown}
 l - a potion of berserk rage {unknown}
 n - 2 potions of curing {@q1}
 s - a potion of ambrosia {unknown}

Dungeon Overview and Level Annotations

Branches:
Dungeon (5/15) Zot: 25255   Sewer (visited)
 Temple: D:4-7

Altars:
Hepliaklqana
Wu Jian
Xom
Yredelemnul

#.# #.#
#.#####.####
#.##.....>.#
#.#####.# ..
#.#
#.###....
#.#
#.......#
#.#
#.#######
#.#####.#
#...o{@.#
##.#.#### #


You could see an orc priest.


Message History

The orc warrior hits you with a +0 hand axe! 😮 HP[-8] MP[+1]
You take 8 damage, and now have 28/48 hp.
You closely miss the orc warrior. The orc warrior misses you.
Unknown command.
You hit the orc warrior.
A jackal comes into view.
The orc warrior closely misses you.
The jackal barks!
You hit the orc warrior but do no damage.
The orc warrior looks as sick as possible!
You hear a shout!
The orc warrior closely misses you.
An orc wizard comes into view. It is wielding a +0 dagger. 😮 HP[+1]
You hit the orc warrior. The orc warrior barely misses you.
Unknown command.
You hit the orc warrior.
The orc warrior looks as sick as possible!
An orc priest comes into view. It is wielding a +0 hand axe.
The orc warrior misses you.
Casting: Spider Form (quite dangerous; 28% risk of failure)
Confirm with . or Enter, or press ? or * to list all spells.
Your blood is infused with primal strength.
Your transformation has ended.
Your +0 cloak unmelds from your body.
Your +0 pair of gloves unmelds from your body.
Your +0 robe unmelds from your body.
You feel a bit better.
You kill the orc warrior!
Your Spellcasting skill increases to level 4!
The jackal barely misses you. The jackal misses you. 😮 HP[+4] MP[-2]
You regained 4 hp, and now have 33/48 hp.
You lost 2 mp, and now have 9/13 mp.
You barely miss the jackal.
The jackal misses you. 😮 MP[+1] Unknown command.
You punch the jackal!
You feel a bit better.
You kill the jackal! 😮 HP[+3]
You regained 3 hp, and now have 36/48 hp.
Casting: Wereblood (safe; 3% risk of failure)
Confirm with . or Enter, or press ? or * to list all spells.
You miscast Spider Form.
You are very lightly contaminated with residual magic.
Nothing appears to happen.
The orc wizard closely misses you. 😕 HP[+1] MP[-3]
You lost 3 mp, and now have 7/13 mp.
You barely miss the orc wizard.
The orc wizard mumbles some strange words.
The orc wizard flickers and vanishes!
Deactivating autopickup; reactivate with Ctrl-A.
Unknown command.
You miss something. Something hits you.
The orc priest invokes the aid of Beogh against you.
Something writhes in agony! 😮 HP[-2]
You take 2 damage, and now have 35/48 hp.
You miss something. Something hits you.
The orc priest miscasts a cantrip. 😮 HP[-2]
You take 2 damage, and now have 33/48 hp.
You barely miss something. 😮 HP[+1] Unknown command.
You hit something but do no damage. Something hits you.
The orc priest invokes the aid of Beogh against you.
Beogh smites you!
* * * LOW HITPOINT WARNING * * *
😨 HP[-16]
You take 16 damage, and now have 18/48 hp.
MASSIVE DAMAGE!! (PAUSE)
You punch something! Something hits you.
* * * LOW HITPOINT WARNING * * *
😨 HP[-1]
You take 1 damage, and now have 17/48 hp.
Unknown command.
Casting: Spider Form (dangerous; 12% risk of failure)
Confirm with . or Enter, or press ? or * to list all spells.
You miscast Spider Form.
Nothing appears to happen.
You howl as the wereblood boils in your veins!
Something hits you.
* * * LOW HITPOINT WARNING * * *
You barely miss something.
You howl as the wereblood boils in your veins!
You hear some strange, mumbled words.
A puff of flame appears from out of thin air!
The puff of flame hits you.
* * * LOW HITPOINT WARNING * * *
😱 HP[-6] MP[-2]
You take 6 damage, and now have 11/48 hp.
You lost 2 mp, and now have 5/13 mp.
Unknown command.
You miss something.
You howl as the wereblood boils in your veins!
Something hits you but does no damage.
The orc priest invokes the aid of Beogh against you.
Beogh smites you!
You die...

Skill      XL: |  1  2  3  4  5  6  7 |
---------------+----------------------+-----
Transmutations | 2 3 4 5 |  5.2
Unarmed Combat | 3 4 |  4.3
Poison Magic   | 1 2 |  2.0
Spellcasting   | 3 4 |  4.0
Ice Magic      | 1 2 |  2.9
Fighting       | |  1.0
Dodging        | |  1.7

Action                     |  1- 3 |  4- 6 |  7- 9 || total
---------------------------+-------+-------+-------++-------
  Melee: Unarmed           |    94 |   178 |    65 ||   337
         Kick              |    17 |    16 |     4 ||    37
         Headbutt          |     7 |    15 |     1 ||    23
         Punch             |       |     1 |       ||     1
   Cast: Beastly Appendage |    21 |    21 |     1 ||    43
         Spider Form       |     1 |     9 |    10 ||    20
         Ice Form          |       |       |     1 ||     1
         Wereblood         |       |       |     1 ||     1
    Use: Scroll            |       |     3 |     2 ||     5
         Potion            |       |     1 |       ||     1
   Stab: Sleeping          |       |     1 |       ||     1
 Armour: Robe              |    11 |    40 |     2 ||    53
         Skin              |       |     4 |     3 ||     7
  Dodge: Dodged            |    66 |   148 |    42 ||   256

Levels and vault maps discovered:
D:1:      beargit_arrival_greenhouse, layout_basic,
          nicolae_ecumenical_snake_handling
D:2:      layout_basic, hex_medium, uniq_jessica
D:3:      layout_loops_ring, old_standard_altar, grunt_temple_overflow_open,
          mainiacjoe_overflow_24_doors, gup_sewer_entry_glass, uniq_sigmund
D:4:      layout_basic
D:5:      layout_loops_ring, uniq_crazy_yiuf_cottage

Notes
Turn   | Place    | Note
-------+----------+-------------------------------------------
     0 | D:1      | kae the Demonspawn Transmuter began the quest for the Orb.
     0 | D:1      | Reached XP level 1. HP: 15/15 MP: 3/3
     0 | D:1      | magus.rc [v1.11.3]
   210 | D:1      | Reached skill level 2 in Transmutations
   295 | D:1      | Found a faded altar of an unknown god.
   307 | D:1      | Gained mutation: A weak demonic guardian rushes to your
                  | aid. [demonic ancestry]
   307 | D:1      | Reached XP level 2. HP: 10/21 MP: 3/5
   749 | D:2      | Noticed Jessica
   762 | D:2      | Killed Jessica
   763 | D:2      | Reached skill level 3 in Unarmed Combat
   763 | D:2      | Gained mutation: A demonic guardian rushes to your aid.
                  | [demonic ancestry]
   763 | D:2      | Reached XP level 3. HP: 8/26 MP: 4/6
   766 | D:2      | Learned a level 2 spell: Wereblood
   770 | D:2      | Learned a level 3 spell: Spider Form
  1234 | D:1      | Reached skill level 3 in Transmutations
  1440 | D:1      | Found a faded altar of an unknown god.
  1771 | D:1      | Gained mutation: You are partially covered in razor-sharp
                  | scales. (AC +1, Slay +1) [demonic ancestry]
  1771 | D:1      | Reached XP level 4. HP: 15/32 MP: 3/7
  2275 | D:2      | Reached skill level 1 in Poison Magic
  2587 | D:3      | Found a glowing drain.
  2610 | Sewer    | Entered a sewer
  2821 | Sewer    | Reached XP level 5. HP: 36/37 MP: 9/9
  3008 | Sewer    | Reached skill level 2 in Poison Magic
  3088 | Sewer    | HP: 6/37 [bullfrog (7)]
  3092 | Sewer    | Reached skill level 3 in Spellcasting
  3092 | Sewer    | Reached skill level 4 in Transmutations
  3092 | Sewer    | Gained mutation: You are mostly covered in razor-sharp
                  | scales. (AC +2, Slay +2) [demonic ancestry]
  3092 | Sewer    | Reached XP level 6. HP: 26/43 MP: 7/10
  3129 | Sewer    | Identified the amulet of Monotheism {Acrobat rCorr}
  3264 | D:3      | Found a basalt altar of Yredelemnul.
  3269 | D:3      | Found a hazy altar of Hepliaklqana.
  3273 | D:3      | Found a shimmering altar of Xom.
  3418 | D:3      | Found an ornate altar of the Wu Jian Council.
  3578 | D:3      | Noticed Sigmund
  3682 | D:4      | Learned a level 4 spell: Ice Form
  3783 | D:3      | Killed Sigmund
  3784 | D:3      | Reached skill level 4 in Unarmed Combat
  3784 | D:3      | Reached skill level 1 in Ice Magic
  3829 | D:3      | You pick up a book of Geomancy and begin reading...
  3829 | D:3      | You add the spells Sandblast, Passwall and Stone Arrow to
                  | your library.
  4017 | D:3      | Reached XP level 7. HP: 46/48 MP: 8/12
  4244 | D:4      | HP: 12/48 [poisoned by a goblin]
  4249 | D:4      | HP: 7/48 [poisoned by a goblin]
  4449 | D:4      | Reached skill level 2 in Ice Magic
  4612 | D:4      | You pick up a book of Cantrips and begin reading...
  4612 | D:4      | You add the spells Necrotise, Summon Small Mammal and
                  | Apportation to your library.
  5072 | D:5      | Entered Level 5 of the Dungeon
  5107 | D:5      | Reached skill level 5 in Transmutations
  5312 | D:5      | Reached skill level 4 in Spellcasting
  5323 | D:5      | HP: 11/48 [something/puff of flame (5)]
  5324 | D:5      | Killed from afar by an orc priest

Vanquished Creatures
  Sigmund (D:3)
  An ice beast (D:5)
  An orc warrior (D:5)
  A phantom (D:3)
  A bullfrog (Sewer)
  A scorpion (D:5)
  Jessica (D:2)
  A gnoll (D:1)
  9 adders
  2 ufetubi (D:4)
  3 worms
  2 orcs (D:4)
  12 ball pythons
  10 endoplasms
  9 giant cockroaches
  8 goblins
  8 hobgoblins
  6 jackals
  8 kobolds
  11 quokkas
  11 frilled lizards
  8 rats
115 creatures vanquished.

Vanquished Creatures (collateral kills)
  A bullfrog (Sewer)
  A quokka (Sewer)
  2 frilled lizards (Sewer)
4 creatures vanquished.

Grand Total: 119 creatures vanquished

Table legend:
 A = Non-vault XP
 B = Vault XP
 C = Vault XP percentage of total XP
 D = Non-vault monster count
 E = Vault monster count
 F = Vault count percentage of total count
                 A         B        C        D         E       F
            +---------+---------+-------+---------+---------+-------
      Total |     653 |     589 |  47.4 |      74 |      45 |  37.8
            +---------+---------+-------+---------+---------+-------
        D:1 |      44 |       6 |  12.0 |      20 |       4 |  16.7
        D:2 |      45 |      37 |  45.1 |      17 |       1 |   5.6
        D:3 |     140 |     276 |  66.3 |      17 |       4 |  19.0
        D:4 |      66 |       0 |   0.0 |      13 |       0 |   0.0
        D:5 |     358 |       0 |   0.0 |       7 |       0 |   0.0
      Sewer |       0 |     270 | 100.0 |       0 |      36 | 100.0
            +---------+---------+-------+---------+---------+-------

Illustrated notes

Table legend:
 A = Kills in this place as a percentage of kills in entire the game.
 B = Kills by you in this place as a percentage of kills by you in the entire game.
 C = Kills by friends in this place as a percentage of kills by friends in the entire game.
 D = Other kills in this place as a percentage of other kills in the entire game.
 E = Experience gained in this place as a percentage of experience gained in the entire game.
 F = Experience gained in this place divided by the number of levels of this place that you have seen.
                   A       B       C       D       E      F
               +-------+-------+-------+-------+-------+----------------------
         Total | 100.0 | 100.0 | 100.0 |   N/A | 100.0 | 207.0
       Dungeon |  69.7 |  72.2 |   0.0 |   N/A |  78.3 | 194.4
         Sewer |  30.3 |  27.8 | 100.0 |   N/A |  21.7 | 270.0
               +-------+-------+-------+-------+-------+----------------------

Table legend: (Time is in decaauts)
 A = Elapsed time spent in this place.
 B = Non-inter-level travel time spent in this place.
 C = Inter-level travel time spent in this place.
 D = Time resting spent in this place.
 E = Time spent auto-exploring this place.
 F = Levels seen in this place.
 G = Mean time per level.
                   A        B        C        D        E       F      G
               +--------+--------+--------+--------+--------+-----+--------+
         Total |   5366 |   5166 |    200 |      8 |   4183 |   6 |  894.3 |
       Dungeon |   4743 |   4543 |    200 |      8 |   3851 |   5 |  948.6 |
         Sewer |    622 |    622 |      0 |      0 |    332 |   1 |  622.0 |
               +--------+--------+--------+--------+--------+-----+--------+

Top non-repeatable levels by time:
     D:1: 1454 daAuts
     D:2: 1127 daAuts
     D:4: 979 daAuts
     D:3: 933 daAuts
   Sewer: 622 daAuts
     D:5: 248 daAuts
